 Dungeon Crawl Stone Soup version 0.23.2-1-ga50397a6bc (webtiles) character file.

Game seed: 8198069677725639920

22 Gumption the Cudgeler (level 2, -1/18 HPs)
             Began as a Gargoyle Gladiator on June 1, 2019.
             Slain by a centaur (2 damage)
             ... on level 2 of the Dungeon.
             The game lasted 00:03:57 (1075 turns).

Gumption the Cudgeler (Gargoyle Gladiator)          Turns: 1075, Time: 00:03:57

Health: -1/18      AC: 12    Str: 17    XL:     2   Next: 91%
Magic:  2/2        EV: 10    Int:  8    God:
Gold:   75         SH:  0    Dex: 11    Spells: 1/1 levels left

rFire    + . .     SeeInvis .   a - +0 flail
rCold    . . .     Gourm    .   (no shield)
rNeg     + . .     Faith    .   p - +1 scale mail {rF+}
rPois    ∞         Spirit   .   c - +0 helmet
rElec    +         Reflect  .   (no cloak)
rCorr    .         Harm     .   q - +0 pair of gloves
MR       .....                  (no boots)
Stlth    ..........             (no amulet)
HPRegen  0.06/turn              (no ring)
MPRegen  0.08/turn              (no ring)

@: no status effects
A: negative energy resistance 1, electricity resistance, unbreathing,
petrification resistance, rot immunity, AC +2
a: no special abilities


You were on level 2 of the Dungeon.
You were hungry.

You visited 1 branch of the dungeon, and saw 2 of its levels.

You collected 75 gold pieces.

Inventory:

Hand Weapons
 a - a +0 flail (weapon)
Missiles
 b - 29 sling bullets
 d - 3 throwing nets (quivered)
 i - 2 curare-tipped needles
Armour
 c - a +0 helmet (worn)
 p - a +1 scale mail of fire resistance (worn)
 q - a +0 pair of gloves (worn)
Scrolls
 e - a scroll of magic mapping {unknown}
 g - 2 scrolls of amnesia {unknown}
 j - a scroll of random uselessness {unknown}
 k - a scroll of remove curse {unknown}
Potions
 l - a potion of haste {unknown}
 m - a potion of resistance {unknown}
 n - a potion of cancellation {unknown}
 o - a potion of mutation {unknown}
Comestibles
 f - 3 rations
 h - 3 chunks of flesh


   Skills:
 + Level 2.6 Fighting
 * Level 3.5 Maces & Flails
 - Level 1.7 Throwing
 + Level 1.1 Armour
 - Level 2.4 Dodging


You had one spell level left.
You didn't know any spells.
Your spell library was empty.

Dungeon Overview and Level Annotations

Branches:
Dungeon (2/15)

Altars:


Innate Abilities, Weirdness & Mutations

You are resistant to torment.
Your stone body is resilient. (AC +2)
You are immune to poison.
You resist negative energy. (rN+)
You are resistant to electric shocks. (rElec)
You can survive without breathing.
You are immune to petrification.
You are immune to rotting.


Message History

The centaur hits you.
* * * LOW HITPOINT WARNING * * *
The centaur hits you but does no damage.
You closely miss the centaur.
The centaur is moderately wounded.
The centaur hits you but does no damage.
The centaur closely misses you.
You sock the centaur!
The centaur is severely wounded.
The centaur hits you but does no damage.
You hit the centaur but do no damage.
The centaur is severely wounded.
The centaur barely misses you. x2
You hit the centaur.
The centaur is almost dead.
The centaur hits you but does no damage. x2
You barely miss the centaur.
The centaur is almost dead.
The centaur hits you.
You die...

...# #.#......... ...#
#.####..#.## ...# #..
..... . ...# ### ##..#
.# ..## #... .. #######
#.# .. .÷....#######.##
.# ##.##.#.......(###.##
##.........#(...@c..#
#####.#..#.#.#.##.......
......#..#...#.# ....###
..#####..##..#.# #####
#. #..##..#.# .
#........# #####.####
#.# #.#


You could see a centaur.

Vanquished Creatures
  An adder (D:2)
  A worm (D:2)
  A bat (D:1)
  A giant cockroach (D:1)
  2 hobgoblins (D:1)
  2 kobolds (D:1)
  3 rats
11 creatures vanquished.

Notes
Turn   | Place    | Note
-------+----------+-------------------------------------------
     0 | D:1      | Gumption the Gargoyle Gladiator began the quest for the
                  | Orb.
     0 | D:1      | Reached XP level 1. HP: 12/12 MP: 1/1
   687 | D:1      | Reached XP level 2. HP: 18/18 MP: 2/2
  1035 | D:2      | Reached skill level 1 in Armour
  1058 | D:2      | Noticed a centaur
  1075 | D:2      | Slain by a centaur

Skill      XL: |  1  2 |
---------------+-------+-----
Armour         | 1 |  1.1
Fighting       | |  2.6
Maces & Flails | |  3.5
Throwing       | |  1.7
Dodging        | |  2.4

Action                   || total
-------------------------++-------
Melee: Flail             ||    60
Armor: Chain mail        ||     9
       Scale mail        ||    24
       Leather armour    ||     2
Dodge: Dodged            ||    29
